 Dungeon Crawl Stone Soup version 0.28-a0-413-gde365fb1df (webtiles) character file.

Game seed: 13939217282080782106

875 heikuro the Shield-Bearer (level 8, 0/62 HPs)
             Began as a Formicid Fighter on Sept 8, 2021.
             Was a Believer of Zin.
             Killed from afar by an orc warrior (8 damage)
             ... with a puff of flame
             ... on level 4 of the Dungeon.
             The game lasted 00:06:04 (4615 turns).

heikuro the Shield-Bearer (Formicid Fighter)        Turns: 4615, Time: 00:06:05

Health: 0/62       AC:  8    Str: 23    XL:     8   Next: 24%
Magic:  0/10       EV:  8    Int:  8    God:    Zin [**....]
Gold:   151        SH:  9    Dex: 10    Spells: 7/7 levels left

rFire   . . .      SeeInvis +   d - +2 flail (protect)
rCold   . . .      Faith    .   s - +0 kite shield
rNeg    . . .      Spirit   +   b - +0 scale mail
rPois   +          Reflect  .   (helmet unavailable)
rElec   .          Harm     .   (no cloak)
rCorr   .          Rampage  .   (no gloves)
Will    .....                   t - +0 pair of boots
Stlth   ..........              i - amulet of guardian spirit
HPRegen 0.20/turn               h - ring of poison resistance
MPRegen 0.12/turn               (no ring)

@: no status effects
A: permanent stasis, dig shafts and tunnels, antennae 3, four strong arms
a: Dig, Shaft Self, Renounce Religion, Recite, Vitalisation, Donate Gold


You were on level 4 of the Dungeon.
You worshipped Zin.
Zin was pleased with you.
You visited 1 branch of the dungeon, and saw 4 of its levels.

You collected 167 gold pieces.
You donated 16 gold pieces to Zin.

Inventory:

Hand Weapons
 a - a +0 long sword
 d - a +2 flail of protection (weapon)
 f - a +1 dagger of holy wrath
Armour
 b - a +0 scale mail (worn)
 s - a +0 kite shield (worn)
 t - a +0 pair of boots (worn)
Jewellery
 h - a ring of poison resistance (left hand)
 i - an amulet of guardian spirit (around neck)
Scrolls
 e - a scroll of fog {unknown}
 l - a scroll of amnesia
 m - a scroll of noise {unknown}
 n - a scroll of identify {unknown}
 p - a scroll of enchant armour {unknown}
 r - a scroll of fear {unknown}
Potions
 c - a potion of flight {unknown}
 g - a potion of haste {unknown}
 j - a potion of lignification {unknown}
 k - a potion of curing
 o - 2 potions of mutation {unknown}
 q - a potion of brilliance {unknown}


   Skills:
 + Level 5.2 Fighting
 - Level 2.7 Long Blades
 * Level 4.6 Maces & Flails
 + Level 5.1 Armour
 + Level 5.6 Shields
 + Level 3.4 Invocations


You had 7 spell levels left.
You didn't know any spells.
Your spell library was empty.

Dungeon Overview and Level Annotations

Branches:
Dungeon (4/15)             Temple (0/1) D:4

Altars:
Ru
Zin

Shops:
D:3 !

Annotations:
D:3 1 runed translucent door, Crazy Yiuf


Innate Abilities, Weirdness & Mutations

You cannot be hasted, slowed, berserked, paralysed or teleported.
You can dig through walls and to a lower floor.
You have a pair of large antennae on your head. (SInv)
Your four strong arms can wield two-handed weapons with a shield.


Message History

The orc is lost in a daze.
The orc hits you with a +0 dagger. You block the orc warrior's attack.
Unknown command.
You sock the orc warrior!
The orc warrior is severely wounded.
You block the orc's attack. The orc hits you but does no damage.
The orc warrior hits you with a +0 flail.
The orc is lost in a daze.
Your shield and scale mail prevent you from hitting the orc warrior.
The orc warrior is severely wounded.
You block the orc's attack. You block the orc warrior's attack.
The orc barely misses you. The orc hits you but does no damage.
You closely miss the orc warrior.
The orc warrior is severely wounded.
The orc warrior hits you with a +0 flail.
The orc barely misses you. You block the orc's attack.
The orc warrior hits you with a +0 flail!
You completely miss the orc warrior.
The orc warrior is severely wounded.
The orc is no longer dazed.
The orc hits you with a +0 flail. You block the orc's attack.
The orc warrior zaps a wand.
The puff of flame hits you.
You extend your mandibles.
You dig through the rock wall.
The orc warrior hits you with a +0 flail!
* * * LOW HITPOINT WARNING * * *
The orc barely misses you.
You dig through the rock wall.
You are ready to recite again.
You barely miss the orc warrior.
The orc warrior is severely wounded.
The orc warrior zaps a wand.
The puff of flame hits you.
* * * LOW HITPOINT WARNING * * *
You barely miss the orc warrior.
The orc warrior is severely wounded.
You block the orc warrior's attack.
The orc warrior hits you with a +0 flail!
* * * LOW HITPOINT WARNING * * *
You feel better.
The orc warrior zaps a wand.
The puff of flame hits you!
You die...

.. #. ..#.#
.#.. $(.
#.. #..
##.)####
#).ooo@#
#/...##o###
#.. #.## #
#..# ##.#
#.# #.# #.#
##.#


You could see an orc warrior and 3 orcs.

Vanquished Creatures
  Grinder (D:3)
  A necrophage (D:4)
  3 ogres
  A scorpion (D:3)
  A jelly (D:4)
  An orc priest (D:4)
  An iguana (D:3)
  An orc wizard (D:4)
  A gnoll (D:1)
  4 adders
  4 worms
  4 dart slugs
  15 orcs
  5 ball pythons
  3 bats
  7 endoplasms
  3 giant cockroaches
  5 goblins
  9 hobgoblins
  7 jackals
  2 quokkas
  5 frilled lizards
  3 kobolds
  3 rats
90 creatures vanquished.

Notes
Turn   | Place    | Note
-------+----------+-------------------------------------------
     0 | D:1      | heikuro the Formicid Fighter began the quest for the Orb.
     0 | D:1      | Reached XP level 1. HP: 18/18 MP: 1/1
   104 | D:1      | Reached XP level 2. HP: 17/24 MP: 2/2
   299 | D:1      | Reached XP level 3. HP: 16/29 MP: 3/3
   484 | D:1      | Found a faded altar of an unknown god.
   504 | D:1      | Became a worshipper of Zin the Law-Giver
   504 | D:1      | Reached * piety under Zin
   798 | D:2      | Reached XP level 4. HP: 35/37 MP: 4/4
   961 | D:2      | Reached ** piety under Zin
  1092 | D:2      | Reached skill level 1 in Maces & Flails
  1521 | D:3      | Found Vummion's Distillery.
  1912 | D:3      | Noticed Grinder
  1948 | D:3      | HP: 1/37 [Grinder (2)]
  1949 | D:3      | Killed Grinder
  1950 | D:3      | Reached skill level 1 in Invocations
  1950 | D:3      | Reached XP level 5. HP: 1/43 MP: 0/6
  1950 | D:3      | Reached XP level 6. HP: 1/49 MP: 0/7
  2996 | D:3      | Found a runed translucent door.
  2997 | D:3      | Noticed Crazy Yiuf
  3315 | D:4      | Noticed an ogre
  3315 | D:4      | Found a staircase to the Ecumenical Temple.
  3389 | D:3      | Reached skill level 5 in Shields
  3389 | D:3      | Reached XP level 7. HP: 46/55 MP: 8/8
  4328 | D:4      | Reached skill level 5 in Fighting
  4328 | D:4      | Reached XP level 8. HP: 47/62 MP: 6/10
  4485 | D:4      | Found a sacrificial altar of Ru.
  4588 | D:4      | Reached skill level 5 in Armour
  4614 | D:4      | HP: 2/62 [orc warrior (13)]
  4615 | D:4      | Killed from afar by an orc warrior

Illustrated notes

Levels and vault maps discovered:
D:1:      minmay_arrival_four_circles, layout_basic,
          ebering_ecumenical_altar_hall, amcnicky_mini_pool_small
D:2:      layout_loops_ring, minmay_distorted
D:3:      layout_loops_corners, serial_shops, nicolae_shop_waterfront,
          minmay_increasing_density, uniq_grinder, uniq_crazy_yiuf_cottage
D:4:      layout_rooms, nicolae_overflow_crystal_walls,
          minmay_temple_entry_crystal_x, minmay_bent

Skill      XL: |  1  2  3  4  5  6  7  8 |
---------------+-------------------------+-----
Shields        | 4 5 |  5.6
Maces & Flails | 2 3 4 |  4.6
Fighting       | 4 5 |  5.2
Armour         | 4 5 |  5.1
Invocations    | 1 2 3 |  3.4
Long Blades    | |  2.7

Action                   |  1- 3 |  4- 6 |  7- 9 || total
-------------------------+-------+-------+-------++-------
Melee: Long sword        |    41 |       |       ||    41
       Flail             |    22 |   131 |   117 ||   270
       Unarmed           |       |    13 |       ||    13
Invok: Recite            |       |       |     2 ||     2
 Abil: Dig               |       |       |     2 ||     2
  Use: Potion            |     1 |       |     1 ||     2
       Scroll            |       |       |     2 ||     2
 Stab: Confused          |       |       |     1 ||     1
Armor: Scale mail        |    30 |    77 |    58 ||   165
       Skin              |       |     1 |       ||     1
Dodge: Dodged            |    35 |    82 |    41 ||   158
Block: Buckler           |     7 |    24 |       ||    31
       Kite shield       |       |     3 |    66 ||    69

Table legend: (Time is in decaauts)
 A = Elapsed time spent in this place.
 B = Non-inter-level travel time spent in this place.
 C = Inter-level travel time spent in this place.
 D = Time resting spent in this place.
 E = Time spent auto-exploring this place.
 F = Levels seen in this place.
 G = Mean time per level.
                   A        B        C        D        E       F      G
               +--------+--------+--------+--------+--------+-----+--------+
         Total |   4722 |   4545 |    177 |   1225 |   2368 |   4 | 1180.5 |
       Dungeon |   4722 |   4545 |    177 |   1225 |   2368 |   4 | 1180.5 |
               +--------+--------+--------+--------+--------+-----+--------+

Top non-repeatable levels by time:
     D:3: 2174 daAuts
     D:4: 1045 daAuts
     D:1: 771 daAuts
     D:2: 730 daAuts
